 Dungeon Sprint DCSS version 0.29-a0-119-g4040846114 (webtiles) character file.

Game seed: 1972462392600338039

123 mhtbhm the Arsonist (level 4, -1/24 HPs)
             Began as a Deep Elf Fire Elementalist on Feb 19, 2022.
             Was a Follower of Vehumet.
             Hit by a large rock thrown by a cyclops (25 damage)
             ... in the Dungeon (Sprint V: "Ziggurat Sprint").
             The game lasted 00:01:03 (193 turns).

mhtbhm the Arsonist (Deep Elf Fire Elementalist)     Turns: 193, Time: 00:01:04

Health: -1/24      AC:  7    Str:  5    XL:     4   Next: 79%
Magic:  14/14      EV: 13    Int: 34    God:    Vehumet [*.....]
Gold:   0          SH:  0    Dex: 15    Spells: 6/16 levels left

rFire   + . .      SeeInvis .   C - +8 lance "Wyrmbane" {slay drac, rPois rF+ rC+ AC+3}
rCold   + . .      Faith    .   (no shield)
rNeg    + . .      Spirit   .   a - +1 leather armour of True Grit {rElec rPois rN+}
rPois   +          Reflect  .   (no helmet)
rElec   +          Harm     .   (no cloak)
rCorr   .          Rampage  .   (no gloves)
Will    .....      NoTele   +   (no boots)
Stlth   ++........              (no amulet)
HPRegen 0.08/turn               u - +6 ring of intelligence
MPRegen 0.14/turn               v - +6 ring of intelligence

@: no status effects
A: no striking features
a: Renounce Religion


You were in the Dungeon.
You worshipped Vehumet.
Vehumet was aware of your devotion.
You visited 1 branch

Inventory:

Hand Weapons
 C - the +8 lance "Wyrmbane" (weapon) {slay drac, rPois rF+ rC+ AC+3}
   (You found it in the Dungeon)

   It inflicts extra damage against dragons and draconians.
   AC:        It affects your AC (+3).
   rF:        It protects you from fire.
   rC:        It protects you from cold.
   rPois:     It protects you from poison.
Armour
 a - the +1 leather armour of True Grit (worn) {rElec rPois rN+}
   (You found it in the Dungeon)

   rElec:     It insulates you from electricity.
   rPois:     It protects you from poison.
   rN:        It protects you from negative energy.
Jewellery
 s - the ring "Fennoghi" {rC+ MP+9 Dex+2}
   (You found it in the Dungeon)

   [ring of protection from cold]

   Dex:       It affects your dexterity (+2).
   rC:        It protects you from cold.
   MP:        It affects your magic capacity (+9).
 u - a +6 ring of intelligence (left hand)
 v - a +6 ring of intelligence (right hand)
Wands
 y - a wand of mindburst (7)
 z - a wand of iceblast (5)
 A - a wand of acid (7)
Scrolls
 g - 4 scrolls of blinking
 m - 4 scrolls of amnesia
 n - 7 scrolls of fog
 o - a scroll of holy word
 p - 5 scrolls of identify
 q - 2 scrolls of fear
Potions
 b - 10 potions of curing
 c - 10 potions of heal wounds
 d - 6 potions of haste
 e - 7 potions of magic
 f - 3 potions of berserk rage
 h - 2 potions of brilliance
 i - 2 potions of invisibility
 j - 4 potions of resistance
 k - a potion of experience
 l - 5 potions of might
Miscellaneous
 r - a phial of floods
 B - a lightning rod (4/4)


   Skills:
 + Level 4.8 Dodging
 + Level 4.2 Stealth
 + Level 6.9 Spellcasting
 + Level 2.1 Conjurations
 + Level 8.1 Fire Magic


You had 6 spell levels left.
You knew the following spells:

 Your Spells              Type           Power      Damage    Failure   Level
a - Foxfire               Conj/Fire      100%       2x1d9     1%          1
b - Scorch                Fire           100%       2d10      1%          2
c - Inner Flame           Hex/Fire       39%        N/A       3%          3
d - Flame Wave            Conj/Fire      46%        2d10      8%          4

Your spell library contained the following spells:

 Spells                   Type           Power      Damage    Failure   Level
 Sandblast                Erth           22%        2d7       6%          1
 Conjure Flame            Conj/Fire      46%        6-21      2%          3


Dungeon Overview and Level Annotations

Branches:
Dungeon (1/1)

Altars:
Ashenzari
Cheibriados
Dithmenos
Elyvilon
Fedhas
Gozag
Hepliaklqana
Kikubaaqudgha
Makhleb
Nemelex Xobeh
Okawaru
Qazlal
Ru
Sif Muna
Trog
Uskayaw
Vehumet
Wu Jian
Xom
Yredelemnul
Zin
The Shining One
Beogh
Jiyva
Lugonu


Message History

The mass of ice explodes!
The iceblast engulfs the orc!
You kill the orc!
Vehumet accepts your kill.
You feel your power returning.
The iceblast engulfs the orc wizard!!
You kill the orc wizard!
Vehumet accepts your kill.
Your Fire Magic skill increases to level 8!
Unknown command.
Unknown command.
Things that are here:
a +0 short sword; a +0 chain mail; an orc corpse
Things that are here:
a +0 dagger; a +0 robe; an orc corpse
Things that are here:
a +0 short sword; a +0 chain mail; an orc corpse
Things that are here:
a +0 dagger; a +0 robe; an orc corpse You see here the +1 leather armour of True Grit {rElec rPois rN+}.
s - the ring "Fennoghi" {rC+ MP+9 Dex+2}
Okay, then.
You see here the +1 leather armour of True Grit {rElec rPois rN+}.
Okay, then.
You start removing your armour.
You continue taking off your +0 robe. x4
You finish taking off your +0 robe.
You drop a +0 robe.
a - the +1 leather armour of True Grit {rElec rPois rN+} You start putting on your armour.
You continue putting on the +1 leather armour of True Grit {rElec rPois rN+}. x4
You finish putting on the +1 leather armour of True Grit {rElec rPois rN+}.
Casting: Foxfire (safe; 1% risk of failure)
Confirm with . or Enter, or press ? or * to list all spells.
Okay, then.
Unknown command.
There is a transporter here.
Welcome to arena 3.
You enter the transporter and appear at another place. 2 ogres, a troll and a cyclops come into view.
The ogre shouts! x2; The troll shouts!
The cyclops shouts!
The cyclops throws a large rock.
The large rock hits you!!
Ouch! That really hurt!
You die...

▓▓▓▓▓▓▓▓▓▓▓▓▓▓▓▓▓▓▓
▓.8©8.▓.8©8.▓.8©8.▓
▓.})}.▓..[).▓.....▓
▓OOCT.▓..)..▓.)...▓
▓.....▓..)).▓.....▓
▓.....▓.....▓.....▓
▓.....▓.....▓..©..▓
▓..@..▓..©..▓▓▓▓▓▓▓
▓▓▓▓▓▓▓▓▓▓▓▓▓


You could see a cyclops, a troll and 2 ogres.

Vanquished Creatures
  A phantom (D)
  2 orc wizards (D)
  An orc (D)
  A ball python skeleton (D)
5 creatures vanquished.

Vanquished Creatures (others)
  12 foxfires (D)
12 creatures vanquished.

Grand Total: 17 creatures vanquished

Notes
Turn   | Place    | Note
-------+----------+-------------------------------------------
     0 | D        | mhtbhm the Deep Elf Fire Elementalist began the quest for
                  | the Orb.
     0 | D        | Reached XP level 1. HP: 10/10 MP: 6/6
     0 | D        | Found a shimmering blue altar of Sif Muna.
     0 | D        | Found a bloodstained altar of Trog.
     0 | D        | Found a sacrificial altar of Ru.
     0 | D        | Found a stormy altar of Qazlal.
     0 | D        | Found an iron altar of Okawaru.
     1 | D        | Found a sparkling altar of Nemelex Xobeh.
     1 | D        | Found a blossoming altar of Fedhas.
     1 | D        | Found the +6 Majin-Bo {vamp, MP+6 Int+6}
     1 | D        | Found the +9 heavy crossbow "Sniper" {vorpal, Acc+∞ SInv}
     1 | D        | Found the +10 dark maul {vorpal}
     1 | D        | Found the +15 Maxwell's patent armour {-Cast -Tele rElec
                  | Will+ rCorr}
     1 | D        | Found the +18 shield of the Gong {rElec rN+ Will+ EV-5}
     1 | D        | Found the +14 obsidian axe {vorpal, Mesm Drain Fly SInv}
     1 | D        | Found the +7 great mace "Firestarter" {inner flame, rF++}
     1 | D        | Found the +6 shillelagh "Devastator" {shatter}
     1 | D        | Found the +11 plutonium sword {Contam Stlth-}
     1 | D        | Found the +8 lance "Wyrmbane" {slay drac, rPois rF+ rC+
                  | AC+3}
     1 | D        | Found the +9 sword of Zonguldrok {reap}
     1 | D        | Found the +13 scythe of Curses {drain, Drain}
     1 | D        | Found the +5 sword of Power {vorpal}
     1 | D        | Found the +7 mace of Variability {chain chaos}
     1 | D        | Found the +7 Singing Sword {vorpal, sonic wave}
     1 | D        | Found the +8 storm bow {elec, penet}
     3 | D        | Found a transporter.
     3 | D        | Found an ancient bone altar of Kikubaaqudgha.
     3 | D        | Found a viscous altar of Jiyva.
     3 | D        | Found a corrupted altar of Lugonu.
     3 | D        | Found a hazy altar of Hepliaklqana.
     3 | D        | Found a burning altar of Makhleb.
     3 | D        | Found an opulent altar of Gozag.
    42 | D        | Became a worshipper of Vehumet
    59 | D        | Entered arena 2.
    59 | D        | Noticed a phantom
    59 | D        | Found a transporter.
    64 | D        | Killed a phantom
    65 | D        | Reached skill level 5 in Spellcasting
    65 | D        | Reached skill level 7 in Fire Magic
    65 | D        | Reached XP level 2. HP: 15/15 MP: 1/10
    65 | D        | Reached XP level 3. HP: 19/19 MP: 1/12
    65 | D        | Reached XP level 4. HP: 24/24 MP: 1/13
    69 | D        | Learned a level 2 spell: Scorch
    73 | D        | Learned a level 3 spell: Inner Flame
    78 | D        | Learned a level 4 spell: Flame Wave
   167 | D        | Entered arena 3.
   167 | D        | Found a transporter.
   168 | D        | Reached * piety under Vehumet
   168 | D        | Offered knowledge of Sandblast by Vehumet.
   170 | D        | Reached skill level 8 in Fire Magic
   178 | D        | Got the ring "Fennoghi" {rC+ MP+9 Dex+2}
   186 | D        | Got the +1 leather armour of True Grit {rElec rPois rN+}
   193 | D        | Entered arena 4.
   193 | D        | Noticed an ogre
   193 | D        | Noticed an ogre
   193 | D        | Noticed a troll
   193 | D        | Noticed a cyclops
   193 | D        | Found a transporter.
   193 | D        | Hit by a large rock thrown by a cyclops

Illustrated notes

Levels and vault maps discovered:
D:        sprint_v [room_start, room_1, room_2, room_3, room_4, room_5, room_6,
          room_7, room_8, room_9, room_10, room_11, room_12, room_13, room_14,
          room_15, room_16, room_17, room_18, room_19, room_20, room_21,
          room_22, room_23, room_24, room_25, room_26, room_27]

Skill      XL: |  1  2  3  4 |
---------------+-------------+-----
Dodging        | 4 |  4.8
Stealth        | 3 4 |  4.2
Spellcasting   | 5 6 |  6.9
Fire Magic     | 7 8 |  8.1
Conjurations   | 2 |  2.1

Action                   |  1- 3 |  4- 6 || total
-------------------------+-------+-------++-------
 Cast: Foxfire           |     5 |     1 ||     6
Evoke: Wand              |       |     2 ||     2
Dodge: Dodged            |     1 |       ||     1

Table legend: (Time is in decaauts)
 A = Elapsed time spent in this place.
 B = Non-inter-level travel time spent in this place.
 C = Inter-level travel time spent in this place.
 D = Time resting spent in this place.
 E = Time spent auto-exploring this place.
 F = Levels seen in this place.
 G = Mean time per level.
                   A        B        C        D        E       F      G
               +--------+--------+--------+--------+--------+-----+--------+
         Total |    191 |    191 |      0 |     81 |      0 |   1 |  191.0 |
       Dungeon |    191 |    191 |      0 |     81 |      0 |   1 |  191.0 |
               +--------+--------+--------+--------+--------+-----+--------+

Top non-repeatable levels by time:
       D: 191 daAuts
